 Dungeon Crawl Stone Soup version 0.20.1-1-g8b1a95d (webtiles) character file.

16 equalderp2856 the Magician (level 2, 0/13 HPs)
             Began as a Spriggan Wizard on Aug 19, 2017.
             Was a Believer of Elyvilon.
             Slain by an orc
             ... wielding a +0 flail
              (9 damage)
             ... on level 5 of the Dungeon.
             The game lasted 00:31:32 (6592 turns).

equalderp2856 the Magician (Spriggan Wizard)        Turns: 6592, Time: 00:31:33

Health: 0/13       AC:  3    Str:  3    XL:     2   Next: 37%
Magic:  8/8        EV: 17    Int: 19    God:    Elyvilon [**....]
Gold:   148        SH:  0    Dex: 12    Spells: 6/9 levels left

rFire    . . .     SeeInvis +   (weapon restricted)
rCold    . . .     Gourm    .   (shield restricted)
rNeg     . . .     Faith    .   a - +0 robe
rPois    .         Spirit   .   b - +1 hat
rElec    .         Reflect  .   (no cloak)
rCorr    .         Harm     .   (gloves unavailable)
MR       .....                  (boots unavailable)
Stlth    ++........             (no amulet)
Regen    0.1/turn               m - -2 ring of dexterity (curse)
MPRegen  0.2/turn               (no ring)

@: very quick
A: unfitting armour, see invisible, herbivore 3, speed 3, slow metabolism 2
a: Lesser Healing, Heal Other, Divine Protection, Renounce Religion


You were on level 5 of the Dungeon.
You worshipped Elyvilon.
Elyvilon was pleased with you.
You were very hungry.

You visited 2 branches of the dungeon, and saw 9 of its levels.

You collected 148 gold pieces.

Inventory:

Missiles
 p - 82 arrows
Armour
 a - a +0 robe (worn)
 b - a +1 hat (worn)
Jewellery
 j - an uncursed amulet of magic regeneration
 l - an uncursed amulet of the gourmand
 m - a cursed -2 ring of dexterity (left hand)
 u - an uncursed amulet of harm
Wands
 g - a wand of paralysis (16/24)
 i - a wand of flame (48/48)
Scrolls
 q - a scroll of fog
 r - a scroll of magic mapping
 s - a scroll of recharging
 v - 2 scrolls of enchant weapon
Potions
 e - a potion of cancellation
 f - 2 potions of flight
 h - a potion of brilliance
 n - a potion of resistance {unknown}
 o - a potion of magic
 t - a potion of haste
 w - a potion of invisibility {unknown}
 z - a potion of curing {unknown}
Books
 c - a book of Minor Magic

   Spells                             Type                      Level
   a - Magic Dart                     Conjuration                  1
   b - Blink                          Translocation                2
   c - Call Imp                       Summoning                    2
   d - Slow                           Hexes                        2
   e - Conjure Flame                  Conjuration/Fire             3
   f - Mephitic Cloud                 Conjuration/Poison/Air       3
Comestibles
 d - 5 bread rations


   Skills:
 - Level 3.0 Dodging
 - Level 3.0 Stealth
 - Level 4.0 Spellcasting
 - Level 0.6 Conjurations
   Level 0.7 Summonings
 - Level 1.5 Translocations
 * Level 2.1 Invocations


You had 6 spell levels left.
You knew the following spells:

 Your Spells              Type           Power        Failure   Level  Hunger
a - Magic Dart            Conj           #...         11%         1    None
b - Blink                 Tloc           N/A          11%         2    ##.....


Dungeon Overview and Level Annotations

Branches:
Dungeon (8/15)             Temple (1/1) D:6
   Lair: D:8-11

Altars:
Ashenzari
Cheibriados
Dithmenos
Elyvilon
Fedhas
Gozag
Hepliaklqana
Kikubaaqudgha
Makhleb
Okawaru
Qazlal
Ru
Trog
Uskayaw
Xom
Yredelemnul
Zin
The Shining One

Shops:
D:5 (

Annotations:
D:7 Dowan, Duvessa


Innate Abilities, Weirdness & Mutations

You are very small and have problems with some larger weapons.
You are too small for most types of armour.
You have supernaturally acute eyesight. (SInv)
You are a herbivore.
You cover ground extremely quickly.
You need consume almost no food.


Message History

The crimson imp blinks!
You climb upwards.
There is a stone staircase leading down here.
There is an open door here.
The hound barks!
The hobgoblin barely misses you. The orc hits you with a war axe.
There is an open door here.
You close the door.
There is an open door here.
You close the door.
An orc and an orc wizard come into view.
The orc wizard is wielding a dagger of speed.
The orc wizard shouts!
An orc comes into view. It is wielding a dagger.
An orc comes into view. It is wielding a hand axe.
The orc shouts!
The orc hits you with a flail!
Ouch! That really hurt!
You die...

........#*#.##.....#.####.##.#
###.##### #.#*#...##.####.##.#
#...######.####..##.#.....g.#
#.#........(..........##.####
#...######.####..##......#
##### #.# #..#########
#.####..# #.....o.#
###########@## #.....# #.####
#.###.# #.##.########## #.#
#.# #.#...........#
#.###.#####.##.########.#
#.#..........#.# *#.###
#..h..###......# #.#..#
###.### ##...#.# ##.#.# #.#
#...#.# ###.#


You could see an orc.

Vanquished Creatures (others)
  An orc warrior (D:8)
  A bullfrog (D:8)
  An orc (D:8)
3 creatures vanquished.

Notes
Turn   | Place    | Note
-------+----------+-------------------------------------------
     0 | D:1      | equalderp2856 the Spriggan Wizard began the quest for the Orb.
     0 | D:1      | Reached XP level 1. HP: 9/9 MP: 6/6
   352 | D:3      | Found a stormy altar of Qazlal.
   358 | D:3      | You fall through a shaft for 3 floors!
   409 | D:6      | Noticed an orc priest
   497 | D:5      | Entered Level 5 of the Dungeon
   499 | D:5      | Noticed a worker ant
   529 | D:5      | Noticed a worker ant
   533 | D:4      | Noticed a howler monkey
   651 | D:4      | Noticed a phantom
   801 | D:4      | Noticed a worker ant
  1192 | D:5      | Noticed a hound
  1303 | D:7      | Noticed Dowan
  1305 | D:7      | Noticed a hound
  1329 | D:6      | Noticed a bullfrog
  1345 | D:6      | Noticed an orc priest
  1365 | D:6      | Noticed a crimson imp
  1367 | D:6      | Noticed an ogre
  1368 | D:6      | Noticed a crimson imp
  1374 | D:6      | Noticed a hound
  1382 | D:6      | Noticed a worker ant
  1392 | D:6      | Noticed an orc warrior
  1573 | D:5      | Found Paboud's Antique Weapon Shop.
  1852 | D:6      | Found a staircase to the Ecumenical Temple.
  1859 | Temple   | Entered the Ecumenical Temple
  1932 | Temple   | Became a worshipper of Elyvilon the Healer
  2043 | D:5      | Noticed an ice beast
  2423 | D:3      | Found a shadowy altar of Dithmenos.
  2667 | D:3      | Reached * piety under Elyvilon
  4564 | D:1      | Reached ** piety under Elyvilon
  5120 | D:4      | Reached skill level 1 in Invocations
  5370 | D:7      | Noticed an iron imp
  5371 | D:7      | Noticed Duvessa
  5396 | D:7      | Noticed an orc priest
  5397 | D:7      | Noticed an orc priest
  5403 | D:7      | Noticed a bullfrog
  5405 | D:7      | Found a sacrificial altar of Ru.
  5561 | D:3      | Reached XP level 2. HP: 13/13 MP: 8/8
  5568 | D:3      | Learned a level 2 spell: Blink
  5949 | D:6      | Noticed a crimson imp
  5975 | D:7      | Found a glowing golden altar of the Shining One.
  6007 | D:8      | Killed a bullfrog
  6042 | D:8      | Noticed a hippogriff
  6119 | D:7      | Noticed a howler monkey
  6119 | D:7      | Noticed a howler monkey
  6141 | D:7      | Noticed an ogre
  6144 | D:7      | Noticed a spriggan baker
  6151 | D:7      | Noticed a two-headed ogre
  6155 | D:7      | Noticed a howler monkey
  6205 | D:8      | Noticed an orc warrior
  6254 | D:8      | Found a shimmering altar of Xom.
  6254 | D:8      | Noticed a centaur
  6255 | D:8      | Noticed a wight
  6263 | D:8      | Killed an orc warrior
  6592 | D:5      | Slain by an orc

Skill      XL: |  1  2 |
---------------+-------+-----
Invocations    | 1 2 |  2.1
Dodging        | |  3.0
Stealth        | |  3.0
Spellcasting   | |  4.0
Conjurations   | |  0.6
Summonings     | |  0.7
Translocations | |  1.5

Action                   || total
-------------------------++-------
Melee: Unarmed           ||     5
 Cast: Blink             ||     1
Invok: Heal Other        ||     5
  Use: Scroll            ||    18
       Potion            ||     6
  Eat: Royal jelly       ||     1
Armor: Robe              ||    97
Dodge: Dodged            ||   465
